 Dungeon Crawl Stone Soup version 0.31-a0-1576-ga3383ba (webtiles) character file.

Game seed: 16494532456044602143

9998 Dorkslayer the Thaumaturge (level 11, -1/156 HPs)
             Began as an Oni Conjurer on Jan 3, 2024.
             Was an Initiate of Gozag.
             Slain by Fannar
             ... wielding a +0 quarterstaff of freezing
              (19 damage)
             ... on level 9 of the Dungeon on Jan 4, 2024.
             The game lasted 00:58:38 (14649 turns).

Dorkslayer the Thaumaturge (Oni Conjurer)          Turns: 14649, Time: 00:58:39

Health: -1/156     AC:  6    Str: 13    XL:     11   Next: 55%
Magic:  18/24      EV:  8    Int: 21    God:    Gozag
Gold:   421        SH:  7    Dex:  9    Spells: 22/29 levels left

rFire   . . .        q - +3 demon blade (elec)
rCold   . . .        b - +0 kite shield
rNeg    . . .        a - +0 robe
rPois   .            (helmet restricted)
rElec   .            d - +2 cloak
rCorr   .            (gloves unavailable)
SInv    .            (boots unavailable)
Will    +....        (no amulet) Stlth
                     n - ring of wizardry
HPRegen 0.46/turn    t - ring of wizardry
MPRegen 0.19/turn

%: wizardry (x2)
@: mighty, berserking, gold aura, hasted, very quick
A: large, unfitting armour, horns 1, tough skin 1, double potion healing,
drunken brawling
a: Renounce Religion, Potion Petition, Call Merchant, Bribe Branch


You were on level 9 of the Dungeon.
You worshipped Gozag.
Gozag was aware of your devotion.
You visited 3 branches of the dungeon, and saw 11 of its levels.
You also visited: Sewer and Ossuary.

You collected 2272 gold pieces.
You spent 532 gold pieces at shops.
You paid 1319 gold pieces to Gozag.

Inventory:

Hand Weapons
 l - a +2 long sword of electrocution
 q - a +3 demon blade of electrocution (weapon)
 y - a +6 mace
 A - a +4 trident of freezing
Missiles
 c - a boomerang (quivered)
Armour
 a - a +0 robe (worn)
 b - a +0 kite shield (worn)
 d - a +2 cloak (worn)
 u - an orb of energy
Jewellery
 n - a ring of wizardry (left hand)
 o - a ring of magical power
 t - a ring of wizardry (right hand)
 w - a ring of positive energy
Talismans
 e - a beast talisman
Wands
 i - a wand of quicksilver (4)
 j - a wand of polymorph (16)
 m - a wand of flame (17)
 x - a wand of paralysis (1)
Scrolls
 h - 5 scrolls of teleportation
 k - a scroll of fog
 z - a scroll of silence
 F - a scroll of amnesia
 G - 2 scrolls of blinking
Potions
 f - 3 potions of lignification
 g - 2 potions of resistance {unknown}
 p - a potion of curing
 s - 4 potions of enlightenment
 v - 2 potions of invisibility {unknown}
 B - 3 potions of might
 C - 2 potions of attraction
 D - 3 potions of haste
 E - 2 potions of mutation {unknown}


   Skills:
 + Level 5.3 Fighting
 + Level 1.2(4.8) Short Blades
 * Level 7.4(7.5) Long Blades
 + Level 4.4 Dodging
 + Level 3.1 Stealth
 * Level 1.0 Shields
 * Level 9.5 Spellcasting
 + Level 6.1 Conjurations
 * Level 4.6 Translocations
 * Level 4.6 Evocations
 * Level 5.4 Shapeshifting


You had 22 spell levels left.
You knew the following spells:

 Your Spells              Type           Power      Damage    Failure   Level
a - Magic Dart            Conj           100%       1d8       1%          1
b - Searing Ray           Conj           70%        2d7       1%          2
c - Iskenderun's Mystic   Conj/Tloc      32%        2d8       8%          4

Your spell library contained the following spells:

 Spells                   Type           Power      Damage    Failure   Level
 Fulminant Prism          Conj/Alch      11%        3d9       19%         4


Dungeon Overview and Level Annotations

Branches:
Dungeon (9/15)             Temple (1/1) D:4             Orc (1/2) D:9
  Sewer (visited)         Ossuary (visited)
   Lair: D:8-11

Altars:
Ashenzari
Cheibriados
Dithmenos
Elyvilon
Fedhas
Gozag
Hepliaklqana
Kikubaaqudgha
Makhleb
Nemelex Xobeh
Okawaru
Qazlal
Ru
Sif Muna
Trog
Uskayaw
Vehumet
Wu Jian
Xom
Yredelemnul
Zin
The Shining One

Shops:
D:9 ![

Annotations:
D:9 Fannar
Temple 2 transporters


Innate Abilities, Weirdness & Mutations

You are too large for most types of armour.
You have a pair of small horns on your head.
You have tough skin. (AC +1)
You gain doubled healing and magic from potions.
Whenever you drink a healing potion, you attack all around you.


Message History

(Press . to maintain the ray.)
You block Fannar's attack.
The orc warrior shoots an arrow.
The arrow hits you.
You climb upwards.
Welcome back to the Dungeon!
There is a staircase to the Orcish Mines, spattered with blood here.
Unknown command.
Okay, then.
You feel yourself speed up. You block Fannar's attack.
You feel very mighty all of a sudden.
Fannar hits you with a +0 quarterstaff of freezing.
Fannar freezes you.
A red film seems to cover your vision as you go berserk!
You feel yourself moving faster!
You feel mighty!
You closely miss Fannar.
Fannar hits you with a +0 quarterstaff of freezing.
Fannar freezes you.
You completely miss Fannar.
Fannar casts a spell.
Fannar drains the heat from the surrounding environment!
You slash Fannar!
Fannar is lightly wounded.
Fannar hits you with a +0 quarterstaff of freezing!
* * * LOW HITPOINT WARNING * * *
Fannar freezes you.
* * * LOW HITPOINT WARNING * * *
You hit Fannar. Your headbutt misses Fannar.
Fannar is moderately wounded.
You miss Fannar. Your headbutt misses Fannar.
Fannar is moderately wounded.
You block Fannar's attack.
You barely miss Fannar.
Fannar is moderately wounded.
Fannar points at you and mumbles some strange words.
The bolt of cold hits you!!
* * * LOW HITPOINT WARNING * * *
You closely miss Fannar.
Fannar is moderately wounded.
Fannar casts a spell.
Fannar drains the heat from the surrounding environment!
You die...
Your body crumbles into a pile of gold.

### ###.# ....#
#########################
................!...#['!#
.........∩....!).[..#.#!####
...............e@...#)#!#..#
...)....!.............#.##.#
....##.....)......[...####.#
)..[...[∩[......#!...~# #.#
................#...~.# #.#
##########################.#
.#...#......###...<###..##.#
.................>......##.#
...........................#


You could see Fannar.

Vanquished Creatures
  A centaur warrior (D:8)
  A two-headed ogre (D:8)
  A tengu warrior (D:8)
  An orc knight (D:9)
  A troll (D:9)
  2 wyverns (D:9)
  6 yaks (D:9)
  A steam dragon (D:8)
  An acid dragon (D:8)
  3 water moccasins
  7 orc warriors
  A swamp drake (D:9)
  2 black bears
  2 sky beasts
  An ice beast (D:7)
  5 ogres
  2 phantoms
  2 centaurs
  5 kobold brigands
  4 bullfrogs
  6 scorpions
  A gnoll sergeant (D:9)
  A burial acolyte (D:8)
  14 wights
  6 killer bees
  4 howler monkeys
  2 bombardier beetles
  2 electric eels (D:3)
  3 hounds
  A jelly (D:6)
  11 orc priests
  3 human zombies (Ossuary)
  3 sleepcaps
  2 gnoll boudas
  3 iguanas
  12 orc wizards
  4 hound zombies
  5 mummies
  7 gnolls
  14 adders
  A river rat (D:4)
  2 shadow imps (D:8)
  2 white imps
  4 ufetubi
  2 adder zombies
  8 dart slugs
  2 ribbon worms
  39 orcs
  16 endoplasms
  7 giant cockroaches
  3 gnoll zombies (D:8)
  9 goblins
  13 hobgoblins
  4 quokkas
  12 ball pythons
  6 bats
  10 frilled lizards
  A goblin zombie (Ossuary)
  A hobgoblin zombie (Ossuary)
  36 kobolds
  3 kobold zombies
  11 rats
  2 rat zombies (Ossuary)
347 creatures vanquished.

Notes
Turn   | Place    | Note
-------+----------+-------------------------------------------
     0 | D:1      | Dorkslayer the Oni Conjurer began the quest for the Orb.
     0 | D:1      | Reached XP level 1. HP: 16/16 MP: 3/3
   200 | D:1      | Reached XP level 2. HP: 24/24 MP: 1/5
   591 | D:1      | Reached skill level 3 in Spellcasting
   591 | D:1      | Reached XP level 3. HP: 26/31 MP: 1/7
  1375 | D:2      | Found an ornate altar of the Wu Jian Council.
  1433 | D:2      | Learned a level 2 spell: Searing Ray
  1636 | D:2      | Reached XP level 4. HP: 35/40 MP: 5/9
  1811 | D:2      | Reached skill level 1 in Fighting
  2650 | D:3      | Found a transporter.
  2706 | D:3      | Reached XP level 5. HP: 48/48 MP: 2/10
  2783 | D:3      | Found a transporter.
  3295 | D:3      | Reached skill level 4 in Spellcasting
  3435 | D:3      | Reached skill level 1 in Shapeshifting
  3437 | D:3      | Reached skill level 1 in Evocations
  3437 | D:3      | Reached XP level 6. HP: 47/55 MP: 12/12
  3457 | D:3      | Learned a level 4 spell: Iskenderun's Mystic Blast
  3478 | D:4      | Found a glowing drain.
  3508 | Sewer    | Entered a sewer
  4148 | Sewer    | Reached skill level 1 in Short Blades
  4148 | Sewer    | Reached skill level 5 in Spellcasting
  4313 | D:4      | Reached XP level 7. HP: 47/63 MP: 8/14
  4435 | D:4      | Found a staircase to the Ecumenical Temple.
  4447 | Temple   | Found a transporter.
  4447 | Temple   | Found a transporter.
  4447 | Temple   | Found a transporter.
  4447 | Temple   | Found a transporter.
  4447 | Temple   | Entered the Ecumenical Temple
  4460 | Temple   | Became a worshipper of Gozag Ym Sagoz the Greedy
  4853 | D:4      | Found a basalt altar of Yredelemnul.
  5396 | D:5      | Entered Level 5 of the Dungeon
  5414 | D:5      | Reached skill level 5 in Conjurations
  5448 | D:5      | Reached skill level 1 in Long Blades
  5522 | D:5      | Reached skill level 1 in Translocations
  5527 | D:5      | Reached skill level 6 in Spellcasting
  5535 | D:5      | Reached XP level 8. HP: 59/72 MP: 9/17
  6087 | D:5      | Reached skill level 7 in Spellcasting
  6926 | D:6      | Reached XP level 9. HP: 66/79 MP: 20/20
  6932 | D:6      | Found a sand-covered staircase.
  6939 | Ossuary  | Entered an ossuary
  7665 | D:6      | Found a hide-covered altar of Uskayaw.
  7665 | D:6      | Found a radiant altar of Vehumet.
  7666 | D:6      | Found a shimmering altar of Xom.
  7857 | D:6      | Reached skill level 8 in Spellcasting
  8271 | D:7      | Upgraded the game from 0.31-a0-1571-g7be0f4f to
                  | 0.31-a0-1576-ga3383ba
  9752 | D:8      | Found a burning altar of Makhleb.
  9759 | D:8      | Reached XP level 10. HP: 76/91 MP: 15/22
  9840 | D:8      | Reached skill level 5 in Long Blades
  9935 | D:8      | Found a sparkling altar of Nemelex Xobeh.
 10040 | D:8      | HP: 1/91 [bullfrog (6)]
 10204 | D:8      | Found an ancient bone altar of Kikubaaqudgha.
 10728 | D:8      | Noticed a tengu warrior
 10739 | D:8      | Killed a tengu warrior
 10846 | D:8      | Noticed a two-headed ogre
 10846 | D:8      | Noticed a centaur warrior
 10859 | D:8      | Killed a two-headed ogre
 10864 | D:8      | Killed a centaur warrior
 10865 | D:8      | Reached skill level 9 in Spellcasting
 10988 | D:9      | Reached XP level 11. HP: 58/99 MP: 6/24
 11258 | D:9      | Reached skill level 5 in Fighting
 11265 | D:9      | Reached skill level 5 in Shapeshifting
 11383 | D:9      | HP: 5/102 [troll (5)]
 11384 | D:9      | HP: 1/102 [troll (4)]
 11969 | D:9      | Found an iron altar of Okawaru.
 12445 | D:9      | Found a stormy altar of Qazlal.
 13231 | D:9      | Found a staircase to the Orcish Mines.
 13268 | Orc:1    | Entered Level 1 of the Orcish Mines
 13479 | Orc:1    | Noticed an orc knight
 13765 | D:9      | Bought a potion of haste for 140 gold pieces
 13765 | D:9      | Bought a potion of curing for 42 gold pieces
 13765 | D:9      | Bought a potion of haste for 140 gold pieces
 13765 | D:9      | Bought a potion of lignification for 42 gold pieces
 13765 | D:9      | Bought a potion of berserk rage for 70 gold pieces
 13765 | D:9      | Bought a potion of might for 56 gold pieces
 13765 | D:9      | Bought a potion of attraction for 42 gold pieces
 13819 | D:9      | Killed an orc knight
 14292 | Orc:1    | Reached skill level 1 in Shields
 14533 | Orc:1    | Noticed Fannar
 14649 | D:9      | Slain by Fannar

Illustrated notes

Levels and vault maps discovered:
D:1:      spicycebolla_green_bress_n_ham, layout_loops_ring,
          chequers_serial_rivers_small_3, minmay_quantized
D:2:      layout_basic, basic_altar, st_stairs_6
D:3:      gammafunk_steamed_eel, layout_basic
D:4:      layout_loops_ring, yredelemnul_altar_generic,
          minmay_temple_entry_junction, portal_sewer_entry_c
D:5:      minmay_octagon_keep, layout_basic
D:6:      layout_basic, gammafunk_temple_overflow_claw,
          gup_ossuary_entry_pyramid
D:7:      layout_loops_corners, hangedman_decor_points,
          kennysheep_generic_room_12
D:8:      nzn_winding_woodlands_small [nzn_winding_woodlands_5x15_default,
          nzn_winding_woodlands_center_lodge, nzn_winding_woodlands_5x15_twine],
          layout_basic, mainiacjoe_overflow_24_doors,
          regret_index_kikubaaqudgha_part_by_part,
          mainiacjoe_overflow_concentric_impassable
D:9:      layout_basic, mainiacjoe_overflow_small_starburst,
          okawaru_metal_pillars_3, erik_orc_1, serial_co_window_serial,
          co_window_of_opportunity_a, co_window_corner_a,
          co_window_of_opportunity_a, co_window_paths_b, co_window_paths_b,
          co_window_of_opportunity_b, co_window_of_opportunity_b,
          co_window_unsneaky_path_b, co_window_corner_ca, co_window_corner_b,
          co_window_paths_d, co_window_4corner_b, glass_columns_a,
          glass_columns_c, glass_columns_b
Temple:   hellmonk_temple_divided_pantheon
Orc:1:    nicolae_orc_accident_2, layout_caves, uniq_josephine, uniq_fannar

Skill      XL: |  1  2  3  4  5  6  7  8  9 10 11 |
---------------+----------------------------------+-----
Conjurations   | 4 5 6 |  6.1
Spellcasting   | 3 4 5 6 7 8 9 |  9.5
Fighting       | 1 2 3 4 5 |  5.3
Dodging        | 2 3 4 |  4.4
Shapeshifting  | 1 2 4 5 |  5.4
Evocations     | 1 2 3 4 |  4.6
Short Blades   | 1 |  1.2
Long Blades    | 1 2 4 6 7 |  7.4
Stealth        | 2 3 |  3.1
Translocations | 1 2 3 4 |  4.6
Shields        | 1 |  1.0

Action                     |  1- 3 |  4- 6 |  7- 9 | 10-12 || total
---------------------------+-------+-------+-------+-------++-------
  Melee: Short sword       |    58 |    67 |       |       ||   125
         Headbutt          |     6 |     4 |    14 |    19 ||    43
         Demon blade       |       |     3 |   163 |   131 ||   297
   Cast: Magic Dart        |    58 |   122 |   129 |    92 ||   401
         Searing Ray       |       |     5 |    34 |    61 ||   100
         Iskenderun's Myst |       |       |       |     6 ||     6
 Invoke: Call Merchant     |       |       |       |     2 ||     2
Ability: Begin Untransform |       |       |       |     1 ||     1
  Evoke: Wand              |       |     3 |     8 |    11 ||    22
    Use: Scroll            |     5 |     1 |     7 |     2 ||    15
         Potion            |       |     1 |     3 |    13 ||    17
   Stab: Sleeping          |     1 |     1 |     1 |       ||     3
         Paralysed         |       |       |     3 |     6 ||     9
         Distracted        |       |       |     2 |       ||     2
 Armour: Robe              |    31 |    77 |   182 |   215 ||   505
         Skin              |       |       |    16 |       ||    16
  Dodge: Dodged            |    28 |    36 |   105 |   114 ||   283
  Block: Kite shield       |       |       |       |    23 ||    23
   Form: Beast             |     1 |       |       |       ||     1

Table legend: (Time is in decaauts)
 A = Elapsed time spent in this place.
 B = Non-inter-level travel time spent in this place.
 C = Inter-level travel time spent in this place.
 D = Time resting spent in this place.
 E = Time spent auto-exploring this place.
 F = Levels seen in this place.
 G = Mean time per level.
                   A        B        C        D        E       F      G
               +--------+--------+--------+--------+--------+-----+--------+
         Total |  14617 |  14617 |      0 |   2343 |   8831 |  13 | 1124.4 |
       Dungeon |  13460 |  13460 |      0 |   1884 |   8721 |   9 | 1495.6 |
        Temple |     26 |     26 |      0 |      0 |      0 |   1 |   26.0 |
  Orcish Mines |     81 |     81 |      0 |      0 |      0 |   1 |   81.0 |
         Sewer |    775 |    775 |      0 |    436 |     64 |   1 |  775.0 |
       Ossuary |    273 |    273 |      0 |     22 |     46 |   1 |  273.0 |
               +--------+--------+--------+--------+--------+-----+--------+

Top non-repeatable levels by time:
     D:9: 3591 daAuts
     D:8: 1490 daAuts
     D:7: 1429 daAuts
     D:2: 1306 daAuts
     D:5: 1255 daAuts
     D:1: 1245 daAuts
     D:4: 1124 daAuts
     D:6: 1105 daAuts
     D:3: 913 daAuts
   Sewer: 775 daAuts
 Ossuary: 273 daAuts
   Orc:1: 81 daAuts
  Temple: 26 daAuts
